 Dungeon Crawl Stone Soup version 0.23-a0-650-ga4d50d4 (webtiles) character file.

1465 Borgoz the Covert (level 8, -3/50 HPs)
             Began as a Gargoyle Assassin on Jan 2, 2019.
             Was an Initiate of Ashenzari.
             Slain by a two-headed ogre
             ... wielding a +0 giant club
              (20 damage)
             ... on level 7 of the Dungeon.
             The game lasted 00:18:34 (8057 turns).

Borgoz the Covert (Gargoyle Assassin)               Turns: 8057, Time: 00:18:34

Health: -3/50      AC: 14    Str: 15    XL:     8   Next: 77%
Magic:  8/8        EV: 13    Int: 12    God:    Ashenzari [......]
Gold:   387        SH:  0    Dex: 13    Spells: 7/7 levels left

rFire    . . .     SeeInvis .   b - +0 blowgun
rCold    . . .     Gourm    .   (no shield)
rNeg     + . .     Faith    .   J - +0 leather armour of the Sea {+Blink}
rPois    ∞         Spirit   .   (no helmet)
rElec    +         Reflect  .   d - +0 cloak
rCorr    .         Harm     .   (no gloves)
MR       .....                  (no boots)
Stlth    ++++......             (no amulet)
HPRegen  0.16/turn              o - +2 ring of protection
MPRegen  0.11/turn              q - +3 ring of protection

@: no status effects
A: negative energy resistance 1, electricity resistance, unbreathing,
petrification resistance, rot immunity, AC +5
a: Curse Item, Renounce Religion, Evoke Blink


You were on level 7 of the Dungeon.
You worshipped Ashenzari.
Ashenzari was noncommittal.
You were not hungry.

You visited 2 branches of the dungeon, and saw 8 of its levels.
You also visited: Sewer.

You collected 387 gold pieces.

Inventory:

Hand Weapons
 a - a +2 dagger
 b - a +0 blowgun (weapon)
 j - a cursed -3 whip
 H - a +2 short sword of freezing
Missiles
 e - 38 poisoned needles (quivered)
 f - 2 curare-tipped needles
 n - a throwing net
 M - 5 needles of confusion
Armour
 c - a +0 ring mail
 d - a +0 cloak (worn)
 J - the +0 leather armour of the Sea (worn) {+Blink}
   (You found it on level 6 of the Dungeon)

   It lets you blink.
 L - a +1 leather armour of magic resistance
Jewellery
 o - a +2 ring of protection (left hand)
 q - a +3 ring of protection (right hand)
 v - a +1 ring of protection
Wands
 p - a wand of disintegration (4)
 w - a wand of acid (9)
 y - a wand of random effects (20)
 G - a wand of flame (19)
Scrolls
 i - 11 scrolls of teleportation
 k - 4 scrolls of amnesia
 l - 4 scrolls of remove curse
 t - a scroll of immolation
 u - a scroll of blinking
 C - a scroll of fear {unknown}
 F - 2 scrolls of identify
Potions
 h - 2 potions of might
 m - a potion of resistance
 r - a potion of heal wounds
 s - 3 potions of curing
 x - a potion of invisibility
 z - 2 potions of degeneration
 A - 6 potions of flight
 B - a potion of brilliance
 D - a potion of cancellation {unknown}
 E - 2 potions of agility {unknown}
 I - a potion of ambrosia {unknown}
 K - a potion of lignification {unknown}
Comestibles
 g - 11 rations
 N - a chunk of flesh


   Skills:
 + Level 5.5 Fighting
 + Level 4.6 Short Blades
 - Level 1.7 Throwing
 + Level 3.8 Dodging
 * Level 9.2 Stealth


You had 7 spell levels left.
You didn't know any spells.
Your spell library contained the following spells:

 Spells                   Type           Power        Failure   Level  Hunger
 Corona                   Hex            #......      38%         1    ##.....
 Sandblast                Erth           #.....       38%         1    ##.....
 Ensorcelled Hibernation  Hex/Ice        #.....       52%         2    ###....
 Passwall                 Tmut/Erth      #.......     52%         2    ###....
 Confuse                  Hex            #.......     77%         3    ####...
 Dazzling Spray           Conj/Hex       #.....       77%         3    ####...
 Stone Arrow              Conj/Erth      #.....       77%         3    ####...
 Tukima's Dance           Hex            #.......     77%         3    ####...
 Petrify                  Tmut/Erth      #.......     99%         4    #####..
 Lee's Rapid Deconstruct  Erth           #.........   100%        5    ######.


Dungeon Overview and Level Annotations

Branches:
Dungeon (7/15)             Temple (1/1) D:5

Altars:
Ashenzari
Cheibriados
Dithmenos
Elyvilon
Fedhas
Gozag
Hepliaklqana
Kikubaaqudgha
Makhleb
Nemelex Xobeh
Okawaru
Qazlal
Ru
Sif Muna
Wu Jian
Xom
Yredelemnul
Zin
The Shining One
Beogh

Annotations:
D:3 2 transporters
D:4 2 transporters, Azzok's ghost, amateur CeBe
D:5 3 runed doors, Calas's ghost, novice DECj


Innate Abilities, Weirdness & Mutations

You are resistant to torment.
Your stone body is resilient. (AC +5)
You are immune to poison.
You resist negative energy. (rN+)
You are resistant to electric shocks. (rElec)
You can survive without breathing.
You are immune to petrification.
You are immune to rotting.


Message History

The two-headed ogre is lightly wounded.
The two-headed ogre hits you with a +0 giant club!
The two-headed ogre hits you with a +0 giant spiked club.
b - a +0 blowgun (weapon)
Firing (i - inventory. (/) - cycle)
e - 40 poisoned needles (quivered)
Press: ? - help, Shift-Dir - straight line, f - two-headed ogre
Aim: a two-headed ogre, wielding a +0 giant club and a +0 giant spiked club You shoot a poisoned needle.
The poisoned needle hits the two-headed ogre.
The two-headed ogre is poisoned.
The two-headed ogre is lightly wounded.
Firing (i - inventory. (/) - cycle)
e - 39 poisoned needles (quivered)
Press: ? - help, Shift-Dir - straight line, f/p - two-headed ogre
Aim: a two-headed ogre, wielding a +0 giant club and a +0 giant spiked club You shoot a poisoned needle.
The poisoned needle hits the two-headed ogre.
The two-headed ogre is lightly wounded.
The two-headed ogre closely misses you.
The two-headed ogre hits you with a +0 giant spiked club!!
You die...

###########
#...@Os...#
###.#####...#
#....# +.s.#
#÷...# ##...#
#.####.##...#
#.#<...##...#
###.#....##...#
#.............+
h.h..#.##.#.##...#


You could see a two-headed ogre and a scorpion.

Vanquished Creatures
  An ice beast (D:5)
  2 centaurs
  A crocodile (D:6)
  A scorpion (D:6)
  3 killer bees (D:5)
  A howler monkey (D:5)
  A crimson imp (D:5)
  A centaur zombie (D:6)
  6 hounds
  A jelly (D:6)
  3 orc priests
  2 bullfrog skeletons
  2 iguanas (D:5)
  Natasha (thrice) (D:4)
  A worker ant (D:4)
  2 hound skeletons
  5 gnolls
  10 adders
  A shadow imp (D:6)
  8 oozes
  4 worms
  A dart slug (D:2)
  3 leopard geckos
  13 orcs
  4 ball pythons
  17 bats
  12 giant cockroaches
  11 goblins
  7 hobgoblins
  7 jackals
  4 kobolds
  7 quokkas
  11 frilled lizards
  A leopard gecko skeleton (D:5)
  8 rats
165 creatures vanquished.

Vanquished Creatures (others)
  A centaur skeleton (D:4)
1 creature vanquished.

Grand Total: 166 creatures vanquished

Notes
Turn   | Place    | Note
-------+----------+-------------------------------------------
     0 | D:1      | Borgoz the Gargoyle Assassin began the quest for the Orb.
     0 | D:1      | Reached XP level 1. HP: 12/12 MP: 1/1
   149 | D:1      | Reached skill level 1 in Dodging
   149 | D:1      | Reached XP level 2. HP: 18/18 MP: 2/2
   566 | D:1      | Reached XP level 3. HP: 22/22 MP: 3/3
   684 | D:1      | Reached skill level 5 in Stealth
   842 | D:2      | Reached XP level 4. HP: 26/27 MP: 4/4
  1629 | D:3      | Found a transporter.
  1683 | D:3      | Found a sparkling altar of Nemelex Xobeh.
  1801 | D:3      | Reached XP level 5. HP: 30/32 MP: 5/5
  2346 | D:3      | Found a transporter.
  2415 | D:3      | Reached skill level 6 in Stealth
  2575 | D:3      | Found a burning altar of Makhleb.
  2775 | D:4      | Reached XP level 6. HP: 30/37 MP: 6/6
  3130 | D:4      | Found a hazy altar of Hepliaklqana.
  3144 | D:4      | Noticed Natasha
  3162 | D:4      | Killed Natasha
  3216 | D:4      | Noticed Natasha
  3226 | D:4      | Killed Natasha
  3248 | D:4      | Found a shimmering altar of Xom.
  3249 | D:4      | Noticed an angel
  3249 | D:4      | Found a glowing silver altar of Zin.
  3460 | D:4      | Found a transporter.
  3460 | D:4      | Noticed Azzok's ghost (amateur CeBe)
  3501 | D:4      | Noticed Natasha
  3513 | D:4      | Killed Natasha
  3513 | D:4      | Reached XP level 7. HP: 40/43 MP: 7/7
  3533 | D:4      | Reached skill level 7 in Stealth
  3663 | D:4      | Found a burning altar of Makhleb.
  3671 | D:4      | Found a transporter.
  4065 | D:5      | Entered Level 5 of the Dungeon
  4111 | D:5      | Found a blossoming altar of Fedhas.
  4117 | D:5      | Found a glowing drain.
  4233 | Sewer    | Entered a sewer
  5152 | D:5      | Found a staircase to the Ecumenical Temple.
  5173 | Temple   | Entered the Ecumenical Temple
  5388 | Temple   | Became a worshipper of Ashenzari the Shackled
  5734 | D:5      | Found an ancient bone altar of Kikubaaqudgha.
  5839 | D:5      | Reached XP level 8. HP: 34/48 MP: 8/8
  5854 | D:5      | Reached skill level 8 in Stealth
  6044 | D:5      | Reached skill level 5 in Fighting
  6369 | D:5      | Found a runed gate.
  6370 | D:5      | Found a runed gate.
  6371 | D:5      | Found a runed gate.
  6373 | D:5      | Identified the +5 ring mail of the Eight Spirits {Regen+
                  | Str-3 Int+2 Dex+3}
  6373 | D:5      | Noticed Calas's ghost (novice DECj)
  6693 | D:5      | Found a roughly hewn altar of Beogh.
  6944 | D:6      | Got the uncursed leather armour of the Sea {+Blink}
  6955 | D:6      | Identified the +0 leather armour of the Sea {+Blink} (You
                  | found it on level 6 of the Dungeon)
  7490 | D:6      | Reached skill level 9 in Stealth
  8047 | D:7      | Noticed a two-headed ogre
  8057 | D:7      | Slain by a two-headed ogre

Vault maps used:
D:1:      psy_arrival_radial02, hex_large
D:3:      gammafunk_steamed_eel, overflow_temple_1_default, serial_corexii_hall,
          chequers_hall_statues_y, corexii_hall_statues_deadend, first_ration,
          makhleb_heckhound_becter
D:4:      grunt_temple_overflow_order_and_chaos_1, lemuel_doored_altar,
          old_standard_altar, gammafunk_ghost_mausoleum, uniq_natasha
D:5:      kennysheep_spiral_hall, kiku_gazebo_pond_becter,
          fedhas_bush_and_centaur_altar, minmay_temple_entry_glassed_door,
          gup_sewer_entry_glass, biasface_ghost_orc_armoury
D:7:      wander_guarded_unrand_ratskin, vehumet_altar_wand_db, the_bakery,
          uniq_joseph
Temple:   minmay_temple_bridge_abc
Sewer:    sewer_fruit_machine

Skill      XL: |  1  2  3  4  5  6  7  8 |
---------------+-------------------------+-----
Short Blades   | 2 3 4 |  4.6
Dodging        | 1 2 3 |  3.8
Stealth        | 5 6 7 9 |  9.2
Fighting       | 3 4 5 |  5.5
Throwing       | |  1.7

Action                   |  1- 3 |  4- 6 |  7- 9 || total
-------------------------+-------+-------+-------++-------
Melee: Dagger            |    86 |   393 |   533 ||  1012
 Fire: Blowgun           |       |    18 |     9 ||    27
  Use: Scroll            |       |     3 |    11 ||    14
       Potion            |       |       |     2 ||     2
 Stab: Sleeping          |     6 |     7 |    15 ||    28
  Eat: Chunk             |       |     9 |    15 ||    24
Armor: Robe              |     3 |       |       ||     3
       Leather armour    |    25 |   148 |   245 ||   418
Dodge: Dodged            |    52 |   215 |   341 ||   608

Table legend:
 A = Non-vault XP
 B = Vault XP
 C = Vault XP percentage of total XP
 D = Non-vault monster count
 E = Vault monster count
 F = Vault count percentage of total count
                 A         B        C        D         E       F
            +---------+---------+-------+---------+---------+-------
      Total |    1673 |     420 |  20.1 |     132 |      33 |  20.0
            +---------+---------+-------+---------+---------+-------
        D:1 |      55 |       0 |   0.0 |      18 |       0 |   0.0
        D:2 |      73 |       0 |   0.0 |      25 |       0 |   0.0
        D:3 |     147 |      43 |  22.6 |      32 |       1 |   3.0
        D:4 |     392 |      33 |   7.8 |      22 |       1 |   4.3
        D:5 |     472 |     278 |  37.1 |      19 |       6 |  24.0
        D:6 |     532 |       0 |   0.0 |      15 |       0 |   0.0
        D:7 |       2 |       0 |   0.0 |       1 |       0 |   0.0
      Sewer |       0 |      66 | 100.0 |       0 |      25 | 100.0
            +---------+---------+-------+---------+---------+-------
